 Dungeon Crawl Stone Soup version 0.25-a0-316-gd28d56f9c5 (webtiles) character file.

Game seed: 16963846084182334852, levelgen mode: deterministic

56490 Gargoyl the Cleaver (level 14, -14/129 HPs)
             Began as a Centaur Abyssal Knight on Dec 25, 2019.
             Was an Elder of Lugonu.
             Killed from afar by Frances (42 damage)
             ... with an iron shot
             ... on level 13 of the Dungeon.
             The game lasted 00:40:25 (24251 turns).

Gargoyl the Cleaver (Centaur Abyssal Knight)       Turns: 24251, Time: 00:40:26

Health: -14/129    AC: 31    Str: 18    XL:     14   Next: 42%
Magic:  20/20      EV:  9    Int: 11    God:    Lugonu [****..]
Gold:   917        SH: 14    Dex: 11    Spells: 13/13 levels left

rFire    + . .     SeeInvis .   a - +5 hand axe (venom)
rCold    . . .     Gourm    .   L - +1 shield {AC+3}
rNeg     . . .     Faith    .   A - +3 chain mail
rPois    +         Spirit   .   u - +2 helmet
rElec    .         Reflect  +   m - +2 cloak
rCorr    .         Harm     .   C - +0 pair of gloves
MR       +....                  i - +4 centaur barding
Stlth    ..........             t - +6 amulet of reflection
HPRegen  0.71/turn              F - ring "Ugiycvio" {*Corrode +Blink rPois rF+ Stlth+}
MPRegen  0.17/turn              E - +6 ring of evasion

@: corroded, very quick
A: large, hooves 3, deformed body, speed 2, low mp 1, regeneration 1, robust 1,
tough skin 3
a: Depart the Abyss, Bend Space, Banish, Corrupt, Renounce Religion, Evoke Blink


You were on level 13 of the Dungeon.
You worshipped Lugonu.
Lugonu was greatly pleased with you.
You were hungry.

You visited 2 branches of the dungeon, and saw 19 of its levels.
You visited the Abyss 2 times.
You also visited: Gauntlet.

You collected 1237 gold pieces.
You spent 320 gold pieces at shops.

Inventory:

Hand Weapons
 a - a +5 hand axe of venom (weapon)
 n - the +3 war axe of Pride {freeze, rElec rC+}
   (You found it on level 4 of the Dungeon)

   It has been specially enchanted to freeze those struck by it, causing extra
   injury to most foes and up to half again as much damage against particularly
   susceptible opponents.
   It can also slow down cold-blooded creatures.
   It protects you from cold.
   It insulates you from electricity.
Missiles
 p - 5 javelins (quivered)
Armour
 i - a +4 centaur barding (worn)
 m - a +2 cloak (worn)
 u - a +2 helmet (worn)
 A - a +3 chain mail (worn)
 C - a +0 pair of gloves (worn)
 L - a +1 shield of protection (worn)
Jewellery
 t - a +6 amulet of reflection (around neck)
 E - a +6 ring of evasion (right hand)
 F - the ring "Ugiycvio" (left hand) {*Corrode +Blink rPois rF+ Stlth+}
   (You found it in a Gauntlet)

   [ring of stealth]

   It protects you from fire.
   It protects you from poison.
   It lets you blink.
   It may corrode you when you take damage.
   It makes you more stealthy.
 I - an uncursed ring of flight
Wands
 q - a wand of digging (8)
 r - a wand of polymorph (8)
 w - a wand of random effects (47)
 x - a wand of paralysis (5)
 y - a wand of flame (39)
 G - a wand of disintegration (25)
 H - a wand of iceblast (6)
Scrolls
 b - 5 scrolls of remove curse
 h - 3 scrolls of blinking
 o - 2 scrolls of fear
 s - 2 scrolls of magic mapping
 z - 8 scrolls of teleportation
Potions
 d - 4 potions of curing
 f - 2 potions of agility
 g - 2 potions of berserk rage {unknown}
 j - 3 potions of haste
 k - 2 potions of magic
 l - 2 potions of cancellation
 v - 2 potions of invisibility
 B - 4 potions of flight
 D - a potion of might {unknown}
 K - a potion of mutation
Comestibles
 c - 31 rations


   Skills:
 + Level 9.6 Fighting
 + Level 12.2 Axes
 + Level 1.6 Throwing
 * Level 10.6 Armour
 * Level 8.0 Dodging
 * Level 11.8 Invocations
 + Level 1.0 Evocations


You had 13 spell levels left.
You didn't know any spells.
Your spell library contained the following spells:

 Spells                   Type           Power        Failure   Level  Hunger
 Animate Skeleton         Necr           N/A          100%        1    ##.....
 Corona                   Hex            #......      100%        1    ##.....
 Freeze                   Ice            #...         100%        1    ##.....
 Pain                     Necr           #...         100%        1    ##.....
 Sandblast                Erth           #.....       100%        1    ##.....
 Passwall                 Tmut/Erth      #.......     100%        2    ###....
 Slow                     Hex            #.......     100%        2    ###....
 Inner Flame              Hex/Fire       #.......     100%        3    ####...
 Ozocubu's Armour         Chrm/Ice       #.......     100%        3    ####...
 Portal Projectile        Hex/Tloc       #.....       100%        3    ####...
 Regeneration             Chrm/Necr      #.........   100%        3    ####...
 Stone Arrow              Conj/Erth      #.....       100%        3    ####...
 Vampiric Draining        Necr           #.........   100%        3    ####...
 Animate Dead             Necr           N/A          100%        4    #####..
 Cause Fear               Hex            #.........   100%        4    #####..
 Hailstorm                Conj/Ice       #.......     100%        4    #####..
 Leda's Liquefaction      Hex/Erth       #.........   100%        4    #####..
 Petrify                  Tmut/Erth      #.......     100%        4    #####..
 Summon Ice Beast         Ice/Summ       #.......     100%        4    #####..
 Lee's Rapid Deconstruct  Erth           #.........   100%        5    ######.


Dungeon Overview and Level Annotations

Branches:
Dungeon (13/15)            Temple (0/1) D:4            Lair (6/6) D:11
  Swamp (0/4) Lair:2        Snake (0/4) Lair:3        Slime (0/5) Lair:6
    Orc (0/2) D:11        Gauntlet (visited)
 Vaults: D:13-14

Altars:
Elyvilon
Ru
Beogh
Jiyva

Shops:
D:4 }   D:11 =

Annotations:
D:10 exclusion: obsidian statue
D:13 Frances


Innate Abilities, Weirdness & Mutations

You have hooves in place of feet.
Armour fits poorly on your strangely shaped body.
You cover ground very quickly.
You have extremely tough skin. (AC +3)
Your magical capacity is low. (-10% MP)
Your natural rate of healing is unusually fast.
You are robust. (+10% HP)


Message History

* * * LOW HITPOINT WARNING * * *
You block the orc's attack.
Unknown command.
You feel much better. Frances barely misses you.
The smoke demon gestures at you. Something smites you!
* * * LOW HITPOINT WARNING * * *
The death knight hits you but does no damage.
The orc barely misses you. Frances hits you with a +0 long sword.
* * * LOW HITPOINT WARNING * * *
Okay, then.
You hit Frances.
Frances looks as sick as possible!
Frances is severely wounded.
You hit the orc but do no damage.
The orc looks as sick as possible!
You block the orc's attack.
The death knight hits you from afar with a +0 halberd.
* * * LOW HITPOINT WARNING * * *
Frances screams a word of power!
The iron shot hits you!!!
You die...

.>.#.......# *****+*******
#######.#### *,*** #.# *,,,*
#.## ***+*##* #..# *,,,...*
##.# *,,...(*** #.#
*433...+,**** *
#.#########cWW...*<,,,* *
#####..##...o@@pWc...****,* *
***#.........#####cco...*
*,** * ,,...####.####
*ooo.(.* *,,*** **#*** #..#
*,,....* **,,,+ ##)# *,,,...*
***** #.# ****,.#** * #.#
*********,.>*** #.#
*,,,,,,,,,,,,,*
*******#.#**,,,,,,,,,,,,,****


You could see Frances, a death knight, a centaur warrior, 2 freezing wraiths, 2
smoke demons, a wraith, 3 centaurs, an orc wizard and 3 orcs.

Vanquished Creatures
  Kirke (Lair:4)
  A minotaur (Gauntlet)
  Harold (D:8)
  3 catoblepae (Lair:6)
  A death knight (D:11)
  A centaur warrior (D:12)
  6 two-headed ogres
  8 death yaks
  Sonja (D:10)
  A skeletal warrior (D:11)
  A necromancer (Lair:2)
  A deep elf mage (D:9)
  3 manticores
  3 cyclopes (D:12)
  5 elephants
  A black mamba (Lair:6)
  Maurice (D:10)
  An eye of devastation (Gauntlet)
  2 torpor snails
  9 spiny frogs
  2 rime drakes (Lair:5)
  2 komodo dragons
  A demonic crawler (Lair:4)
  A troll (D:11)
  3 polar bears
  15 blink frogs
  8 slime creatures (D:12)
  14 dream sheep
  2 hippogriffs
  A wraith (D:11)
  A golden eye (Gauntlet)
  2 hogs (Lair:4)
  31 yaks
  A human (shapeshifter) (D:13)
  A basilisk (Lair:5)
  4 hungry ghosts
  5 nagas (Lair:3)
  3 swamp worms (Lair:4)
  9 water moccasins
  3 ice beasts
  4 orc warriors
  7 porcupines
  A sky beast (D:11)
  A necrophage (D:12)
  2 black bears
  11 ogres
  5 phantoms
  5 wolves (Lair:4)
  5 centaurs
  9 crocodiles
  A big kobold (D:12)
  20 bullfrogs
  A wyvern zombie (D:12)
  4 scorpions
  An oklob sapling (D:4)
  22 killer bees
  11 wights
  6 howler monkeys
  11 electric eels
  7 crimson imps
  2 bullfrog skeletons
  2 bullfrog zombies
  A quasit (D:10)
  5 hounds
  2 jellies
  3 centaur skeletons
  A gnoll shaman (D:6)
  Crazy Yiuf (D:2)
  9 orc priests
  15 orc wizards
  Terence (D:2)
  4 iguanas
  A polar bear simulacrum (Lair:2)
  7 worker ants
  A yak simulacrum (Lair:2)
  4 wolf simulacra (Lair:2)
  A hound skeleton (D:8)
  9 gnolls
  A howler monkey skeleton (D:8)
  2 worker ant zombies
  21 adders
  8 river rats
  3 shadow imps
  3 oozes
  4 adder skeletons
  A dart slug (D:2)
  3 leopard geckos
  68 orcs
  7 bats
  7 giant cockroaches
  8 goblins
  11 hobgoblins
  17 jackals
  11 kobolds
  4 quokkas
  2 ball pythons
  6 frilled lizards
  A leopard gecko zombie (D:6)
  A quokka skeleton (D:5)
  2 quokka zombies (D:5)
  19 rats
  5 river rat simulacra (Lair:2)
  2 fungi
  5 plants
585 creatures vanquished.

Vanquished Creatures (others)
  3 hydras
  A death scarab (Gauntlet)
  A skeletal warrior (D:11)
  2 large abominations (Gauntlet)
  A freezing wraith (D:11)
  A human (Lair:4)
  2 swamp worms (Gauntlet)
  5 small abominations (Gauntlet)
  An orc (D:10)
  4 fungi
  17 plants
  4 starspawn tentacles (Gauntlet)
42 creatures vanquished.

Grand Total: 627 creatures vanquished

Notes
Turn   | Place    | Note
-------+----------+-------------------------------------------
     0 | Abyss:1  | Gargoyl the Centaur Abyssal Knight began the quest for the
                  | Orb.
     0 | Abyss:1  | Reached XP level 1. HP: 19/19 MP: 2/2
     2 | Abyss:1  | Noticed a chaos spawn
     9 | Abyss:1  | Found a corrupted altar of Lugonu.
    59 | Abyss:1  | Noticed an iron dragon zombie
    69 | Abyss:1  | Noticed a quasit
    71 | D:1      | Escaped the Abyss
    93 | D:1      | Reached * piety under Lugonu
   102 | D:1      | Reached XP level 2. HP: 5/26 MP: 3/3
   113 | D:2      | Found a white marble altar of Elyvilon.
   443 | D:3      | Reached skill level 2 in Axes
   461 | D:2      | Reached skill level 1 in Dodging
   461 | D:2      | Reached XP level 3. HP: 25/31 MP: 4/4
   869 | D:1      | Reached ** piety under Lugonu
  1229 | D:2      | Reached XP level 4. HP: 34/38 MP: 5/5
  1420 | D:2      | Found a faded altar of an unknown god.
  1548 | D:2      | Found a runed translucent door.
  1549 | D:2      | Noticed Crazy Yiuf
  1579 | D:2      | Noticed Terence
  1591 | D:2      | Killed Terence
  1927 | D:2      | Killed Crazy Yiuf
  1927 | D:2      | Reached XP level 5. HP: 46/46 MP: 7/7
  2116 | D:3      | Reached skill level 3 in Axes
  2348 | D:3      | Reached XP level 6. HP: 52/52 MP: 8/8
  2495 | D:3      | Reached *** piety under Lugonu
  3258 | D:4      | Found a staircase to the Ecumenical Temple.
  3288 | D:4      | Reached XP level 7. HP: 55/59 MP: 9/9
  3409 | D:4      | Got an ichor-stained war axe
  3410 | D:4      | Identified the +3 war axe of Pride {freeze, rElec rC+} (You
                  | found it on level 4 of the Dungeon)
  3433 | D:4      | Reached skill level 4 in Axes
  3678 | D:4      | Found Jiwoxir's Gadget Emporium.
  4116 | D:5      | Entered Level 5 of the Dungeon
  4178 | D:5      | Reached **** piety under Lugonu
  4434 | D:5      | Reached XP level 8. HP: 67/67 MP: 11/11
  4832 | D:5      | Reached skill level 5 in Axes
  5678 | D:6      | Reached skill level 5 in Invocations
  6128 | D:6      | Reached XP level 9. HP: 73/73 MP: 12/12
  6165 | D:6      | Reached skill level 6 in Axes
  6177 | D:6      | Reached ***** piety under Lugonu
  6539 | D:7      | Reached skill level 5 in Fighting
  7321 | D:7      | Reached skill level 5 in Armour
  7890 | D:8      | Noticed a two-headed ogre
  7933 | D:7      | Killed a two-headed ogre
  7933 | D:7      | Reached skill level 1 in Throwing
  8175 | D:7      | Reached skill level 7 in Axes
  8371 | D:8      | Found a sacrificial altar of Ru.
  8446 | D:8      | Noticed Harold
  8466 | D:8      | Killed Harold
  8466 | D:8      | Reached XP level 10. HP: 31/83 MP: 14/14
  9630 | D:9      | Noticed a two-headed ogre
  9637 | D:9      | Killed a two-headed ogre
  9637 | D:9      | Reached skill level 5 in Dodging
  9752 | D:9      | Reached skill level 8 in Axes
  9960 | D:9      | Noticed a two-headed ogre
  9968 | D:9      | Killed a two-headed ogre
 10306 | D:10     | Entered Level 10 of the Dungeon
 10519 | D:10     | Noticed an obsidian statue
 10524 | D:10     | Noticed an orange demon
 10524 | D:10     | Noticed a soul eater
 10756 | Abyss:1  | Noticed a thrashing horror
 10759 | Abyss:1  | Found a corrupted altar of Lugonu.
 10830 | Abyss:1  | Noticed a spatial maelstrom
 10906 | Abyss:2  | Noticed a lich
 10907 | D:10     | Escaped the Abyss
 11089 | D:10     | Found a roughly hewn altar of Beogh.
 11257 | D:10     | Noticed Maurice
 11285 | D:10     | Killed Maurice
 11399 | D:10     | Noticed Sonja
 11642 | D:10     | Reached XP level 11. HP: 87/90 MP: 16/16
 12191 | D:10     | Killed Sonja
 13254 | D:9      | Noticed a deep elf mage
 13272 | D:9      | Killed a deep elf mage
 13674 | D:11     | Gained mutation: Your magical capacity is low. (-10% MP)
                  | [potion of mutation]
 13674 | D:11     | Gained mutation: You are robust. (+10% HP) [potion of
                  | mutation]
 13674 | D:11     | Gained mutation: Your natural rate of healing is unusually
                  | fast. [potion of mutation]
 13770 | D:11     | Reached skill level 9 in Axes
 13833 | D:11     | Noticed a skeletal warrior
 13835 | D:11     | Noticed a death knight
 13879 | D:11     | Killed a death knight
 14066 | D:11     | Killed a skeletal warrior
 14433 | D:11     | Found a staircase to the Orcish Mines.
 14464 | D:11     | Found a roughly hewn altar of Beogh.
 14800 | D:11     | Found a staircase to the Lair.
 14802 | D:11     | Noticed a two-headed ogre
 14830 | D:11     | Killed a two-headed ogre
 15129 | D:11     | Found Vuhauc's Jewellery Emporium.
 15132 | D:11     | Bought an uncursed ring of poison resistance for 320 gold
                  | pieces
 15143 | D:11     | Noticed a skeletal warrior
 15176 | D:11     | Banished a skeletal warrior
 15415 | Lair:1   | Entered Level 1 of the Lair of Beasts
 15672 | Lair:1   | Noticed a four-headed hydra
 15674 | Lair:1   | Banished a four-headed hydra
 15948 | Lair:1   | Noticed a seven-headed hydra
 15949 | Lair:1   | Banished a seven-headed hydra
 15949 | Lair:1   | Reached XP level 12. HP: 110/110 MP: 16/16
 16390 | Lair:2   | Noticed a death yak
 16390 | Lair:2   | Noticed a death yak
 16446 | Lair:1   | Killed a death yak
 16475 | Lair:1   | Killed a death yak
 16754 | Lair:2   | Reached skill level 10 in Axes
 16860 | Lair:2   | Found a staircase to the Swamp.
 17764 | Lair:3   | Noticed a six-headed hydra
 17769 | Lair:3   | Banished a six-headed hydra
 17780 | Lair:3   | Reached skill level 10 in Invocations
 18190 | Lair:3   | Found a staircase to the Snake Pit.
 18703 | Lair:4   | Noticed Kirke
 18714 | Lair:4   | Reached XP level 13. HP: 106/117 MP: 18/18
 18737 | Lair:4   | Killed Kirke
 19086 | Lair:4   | Reached skill level 11 in Axes
 19646 | Lair:5   | Got a distressingly furry plate armour
 19658 | Lair:5   | Identified the cursed +0 plate armour of the Pits of Slime
                  | {*Slow MR+ Slay+2 SInv} (You found it on level 5 of the
                  | Lair of Beasts)
 20447 | Lair:6   | Entered Level 6 of the Lair of Beasts
 20996 | Lair:6   | Found a staircase to the Slime Pits.
 20996 | Lair:6   | Found a viscous altar of Jiyva.
 21358 | Lair:6   | Reached skill level 10 in Armour
 21840 | Lair:6   | Reached XP level 14. HP: 53/129 MP: 20/20
 22775 | D:12     | Reached skill level 12 in Axes
 23730 | D:13     | Found a gate leading to a gauntlet.
 23774 | Gauntlet | Entered a Gauntlet
 23774 | Gauntlet | Found a transporter.
 23774 | Gauntlet | Found a transporter.
 23774 | Gauntlet | Found a runed translucent door.
 23835 | Gauntlet | Found a runed translucent door.
 23836 | Gauntlet | Found a transporter.
 23836 | Gauntlet | Found a transporter.
 23842 | Gauntlet | Found a transporter.
 23859 | Gauntlet | Reached skill level 1 in Evocations
 23912 | Gauntlet | Corrupted Gauntlet
 23912 | Gauntlet | Noticed a tentacled starspawn
 23912 | Gauntlet | Noticed a deep elf sorcerer
 23912 | Gauntlet | Noticed a reaper
 23912 | Gauntlet | Noticed a bone dragon
 23914 | Gauntlet | Found a runed translucent door.
 23924 | Gauntlet | Noticed a tentacled starspawn
 23929 | Gauntlet | Noticed a starcursed mass
 23952 | Gauntlet | Found a transporter.
 23953 | Gauntlet | Found a transporter.
 23970 | Gauntlet | Found a transporter.
 23970 | Gauntlet | Found a transporter.
 23970 | Gauntlet | Noticed a shadow dragon
 23977 | Gauntlet | Found a transporter.
 24021 | Gauntlet | Found a transporter.
 24021 | Gauntlet | Found a transporter.
 24038 | Gauntlet | Got a brightly glowing bone ring
 24111 | Gauntlet | Identified Sif Muna's Compendium of Confrontation and the
                  | Arsonist
 24116 | Gauntlet | Got a heavily runed ring mail
 24148 | D:13     | Identified the cursed +1 ring mail "Yciwn" {Str+3} (You
                  | found it in a Gauntlet)
 24186 | D:13     | Identified the ring "Ugiycvio" {*Corrode +Blink rPois rF+
                  | Stlth+} (You found it in a Gauntlet)
 24218 | D:13     | Noticed Frances
 24251 | D:13     | Killed from afar by Frances

Levels and vault maps discovered:
D:1:      dpeg_arrival_shelter, layout_basic
D:2:      layout_loops_ring, overflow_temple_1_default, serial_glass,
          glass_columns_a, glass_columns_a, glass_columns_c, glass_columns_a,
          glass_columns_b, glass_columns_a, chequers_ecumenical_altar_simple,
          kennysheep_pointless_box, uniq_crazy_yiuf_cottage, uniq_terence
D:3:      layout_basic
D:4:      layout_loops_ring, minmay_temple_entry_oklob, serial_shops, shop,
          first_ration, grunt_ministairs_2
D:5:      layout_gridville, nrook_campfire
D:6:      layout_cave_pods, dk_rats_in_the_wall
D:7:      layout_basic, grunt_ogre_cave
D:8:      layout_loops_ring, basic_altar, uniq_harold
D:9:      layout_basic, eino_jars
D:10:     layout_long_grid, special_room [special_room_orc], minivault_16,
          uniq_maurice, uniq_sonja
D:11:     layout_basic, david_lair_shrubbed, minmay_orc_entry_temple_small,
          serial_shops, kennysheep_mini_moat, minmay_misc_feat_ornament
D:12:     layout_rooms, kennysheep_opposing_triangles
D:13:     layout_roguey, gauntlet_entry_generic, uniq_frances, uniq_azrael
Lair:1:   layout_small_grid
Lair:2:   layout_roguey, minmay_swamp_entry_eels, eino_house_with_fridge,
          grunt_megastairs_3
Lair:3:   layout_loops_ring, minmay_snake_entry_guardpost_medium, special_room,
          pond, grunt_megastairs_1
Lair:4:   layout_loops_ring, worms_lemuel, infiniplex_staircase_pool,
          lemuel_fruit_tree, uniq_kirke
Lair:5:   layout_loops_ring, disabler_island
Lair:6:   evilmike_catoblepas_cave, layout_loops_ring, slime_altar_1,
          nicolae_quartered_pool_medium

Skill      XL: |  1  2  3  4  5  6  7  8  9 10 11 12 13 14 |
---------------+-------------------------------------------+-----
Axes           | 2 3 4 5 7 8 9 10 11 12 | 12.2
Dodging        | 1 2 3 4 5 6 7 8 |  8.0
Armour         | 2 3 4 6 7 8 9 10 | 10.6
Invocations    | 3 4 5 6 7 8 10 11 | 11.8
Fighting       | 4 5 6 7 8 9 |  9.6
Throwing       | 1 |  1.6
Evocations     | 1 |  1.0

Action                   |  1- 3 |  4- 6 |  7- 9 | 10-12 | 13-15 || total
-------------------------+-------+-------+-------+-------+-------++-------
Melee: Hand axe          |   133 |   194 |     8 |   759 |   733 ||  1827
       Kick              |    16 |    33 |    55 |   242 |   266 ||   612
       War axe           |       |       |   291 |   199 |       ||   490
Throw: Javelin           |       |       |     9 |     4 |     4 ||    17
Invok: Depart the Abyss  |     1 |       |       |     1 |       ||     2
       Enter the Abyss   |       |       |       |     1 |       ||     1
       Banish            |       |       |       |    11 |    10 ||    21
       Bend Space        |       |       |       |     1 |     3 ||     4
       Corrupt           |       |       |       |       |     1 ||     1
 Abil: Evoke Flight      |       |       |       |       |     1 ||     1
Evoke: Wand              |       |       |     4 |       |       ||     4
  Use: Scroll            |     9 |     3 |    10 |    15 |     7 ||    44
       Potion            |       |       |     1 |     7 |     3 ||    11
 Stab: Petrified         |       |       |       |       |     6 ||     6
  Eat: Chunk             |       |     6 |    14 |    23 |    17 ||    60
       Ration            |       |       |       |     6 |     1 ||     7
Armor: Leather armour    |    76 |    14 |       |       |       ||    90
       Scale mail        |       |   136 |   131 |       |       ||   267
       Plate armour      |       |       |    90 |    63 |       ||   153
       Chain mail        |       |       |       |   598 |   435 ||  1033
Dodge: Dodged            |    76 |    61 |    60 |   250 |   335 ||   782
Block: Other             |       |       |    19 |   235 |   159 ||   413
       Reflection        |       |       |       |     8 |     7 ||    15
       Shield            |       |       |       |       |    18 ||    18

Table legend:
 A = Non-vault XP
 B = Vault XP
 C = Vault XP percentage of total XP
 D = Non-vault monster count
 E = Vault monster count
 F = Vault count percentage of total count
                 A         B        C        D         E       F
            +---------+---------+-------+---------+---------+-------
      Total |   52144 |   28556 |  35.4 |     438 |     152 |  25.8
            +---------+---------+-------+---------+---------+-------
        D:1 |      58 |       0 |   0.0 |      32 |       0 |   0.0
        D:2 |      80 |      79 |  49.7 |      21 |       2 |   8.7
        D:3 |     287 |       0 |   0.0 |      37 |       0 |   0.0
        D:4 |     405 |     185 |  31.4 |      13 |       3 |  18.8
        D:5 |     822 |       0 |   0.0 |      31 |       0 |   0.0
        D:6 |     896 |     108 |  10.8 |      21 |      21 |  50.0
        D:7 |    1698 |     118 |   6.5 |      16 |       1 |   5.9
        D:8 |     780 |    1002 |  56.2 |      17 |       1 |   5.6
        D:9 |    4770 |     307 |   6.0 |      42 |       5 |  10.6
       D:10 |    1218 |    1317 |  52.0 |      18 |      28 |  60.9
       D:11 |    5652 |     474 |   7.7 |      35 |       9 |  20.5
       D:12 |    8075 |     874 |   9.8 |      45 |       4 |   8.2
       D:13 |    2045 |       0 |   0.0 |      12 |       0 |   0.0
     Lair:1 |    2452 |    2765 |  53.0 |      10 |       7 |  41.2
     Lair:2 |    4872 |    1449 |  22.9 |      20 |      17 |  45.9
     Lair:3 |    1795 |    2051 |  53.3 |       8 |      14 |  63.6
     Lair:4 |    4711 |    3235 |  40.7 |      20 |       7 |  25.9
     Lair:5 |    7050 |     401 |   5.4 |      23 |       5 |  17.9
     Lair:6 |    4478 |   11424 |  71.8 |      17 |      23 |  57.5
   Gauntlet |       0 |    2767 | 100.0 |       0 |       5 | 100.0
            +---------+---------+-------+---------+---------+-------
